 Dungeon Crawl Stone Soup version 0.31.0-7-gf635a9b802 (webtiles) character file.

Game seed: 17576602532841081527

269 Aldia the Poker (level 6, -6/47 HPs)
             Began as a Mummy Cinder Acolyte on Jan 23, 2024.
             Was an Elder of Ignis.
             Killed by divine providence
             ... invoked by an orc priest
              (14 damage)
             ... on level 6 of the Dungeon.
             The game lasted 00:05:52 (1814 turns).

Aldia the Poker (Mummy Cinder Acolyte)              Turns: 1814, Time: 00:05:53

Health: -6/47      AC: 14    Str: 17    XL:     6   Next: 1%
Magic:  2/10       EV: 10    Int: 15    God:    Ignis [****..]
Gold:   82         SH:  0    Dex:  8    Spells: 9/11 levels left

rFire   . . .        a - -1 spear (heavy)
rCold   + . .        (no shield)
rNeg    + + +        k - +0 ring mail
rPois   ∞            (no helmet)
rElec   .            c - +1 cloak
rCorr   .            (no gloves)
SInv    .            (no boots)
Will    .....        (no amulet) Stlth
                     (no ring)
HPRegen 0.27/turn    (no ring)
MPRegen 0.12/turn

%: faith
@: fiery-armoured (expiring), very slightly contaminated
A: cold resistance 1, negative energy resistance 3, torment resistance 2, heat
vulnerability 1, in touch with death 1, no potions, faith
a: Renounce Religion, Fiery Armour, Foxfire Swarm, Rising Flame


You were on level 6 of the Dungeon.
You worshipped Ignis.
Ignis was greatly pleased with you.
You visited 1 branch of the dungeon, and saw 4 of its levels.

You collected 154 gold pieces.
You spent 72 gold pieces at shops.

Inventory:

Hand Weapons
 a - a -1 heavy spear (weapon)
Armour
 b - a +0 robe
 c - a +1 cloak (worn)
 k - a +0 ring mail (worn)
Jewellery
 i - a ring of ice
Scrolls
 d - a scroll of fog
 e - a scroll of immolation
 f - a scroll of revelation {unknown}
 g - a scroll of poison {unknown}
 h - a scroll of identify
 j - a scroll of teleportation {unknown}
 m - a scroll of blinking {unknown}


   Skills:
 - Level 3.2 Fighting
 * Level 4.0 Polearms
 + Level 1.4 Armour
 - Level 1.0 Dodging
 + Level 3.1 Spellcasting
 + Level 3.1 Fire Magic


You had 9 spell levels left.
You knew the following spells:

 Your Spells              Type           Power      Damage    Failure   Level
a - Scorch                Fire           22%        2d5       14%         2

Your spell library contained the following spells:

 Spells                   Type           Power      Damage    Failure   Level


Dungeon Overview and Level Annotations

Branches:
Dungeon (3/15)

Altars:

Shops:
D:2 *


Innate Abilities, Weirdness & Mutations

You are immune to poison.
Your flesh is cold resistant. (rC+)
You are immune to negative energy. (rN+++)
You are immune to unholy pain and torment.
You are vulnerable to heat. (rF-)
You are in touch with the powers of death.
You do not drink.
You have a special connection with the divine. (Faith)


Message History

The orc warrior is heavily wounded.
The foxfire hits the orc warrior but does no damage.
The orc warrior is heavily wounded.
Unknown command.
Unknown command.
Unknown command.
Unknown command.
Unknown command.
Casting: Scorch (safe; 14% risk of failure)
Confirm with . or Enter, or press ? or * to list all spells.
Flames lash the orc warrior.
The orc warrior is severely wounded.
The orc warrior's fire resistance burns away.
Unknown command.
Unknown command.
Casting: Scorch (safe; 14% risk of failure)
Confirm with . or Enter, or press ? or * to list all spells.
Flames lash the orc priest.
The orc priest is almost dead.
The orc priest's fire resistance burns away.
The orc priest invokes the aid of Beogh against you.
Beogh smites you!
* * * LOW HITPOINT WARNING * * *
Unknown command.
Casting: Scorch (safe; 14% risk of failure)
Confirm with . or Enter, or press ? or * to list all spells.
You miscast Scorch.
You are very lightly contaminated with residual magic.
Nothing appears to happen.
The orc warrior hits you with a +0 scimitar.
* * * LOW HITPOINT WARNING * * *
Unknown command.
Casting: Scorch (safe; 14% risk of failure)
Confirm with . or Enter, or press ? or * to list all spells.
Flames lash the orc warrior.
The orc warrior is burned terribly!
The orc warrior is severely wounded.
The orc warrior barely misses you.
The orc priest mumbles some strange prayers to Beogh against you.
Beogh smites you!
You die...

###### ##.#..##
####......#
...#.........##
.......@o.....#
........o....##
.......(......#####
.....)....)...##..#
......#.#....#....###
.##...##.....#....#.##
#... ##.#....##....#
.... ###..#.###...#
##...##...##


You could see an orc warrior (combustible) and an orc priest (combustible).

Vanquished Creatures
  An ice beast (D:6)
  An orc priest (D:6)
  An iguana (D:6)
  Jessica (D:3)
  3 adders
  A white imp (D:6)
  A dart slug (D:3)
  3 ribbon worms (D:2)
  4 orcs (D:3)
  2 ball pythons
  3 bats
  4 endoplasms
  3 giant cockroaches
  6 goblins
  7 hobgoblins
  2 quokkas
  2 frilled lizards
  3 kobolds
  5 rats
53 creatures vanquished.

Vanquished Creatures (others)
  32 foxfires
32 creatures vanquished.

Grand Total: 85 creatures vanquished

Notes
Turn   | Place    | Note
-------+----------+-------------------------------------------
     0 | D:1      | Aldia the Mummy Cinder Acolyte began the quest for the Orb.
     0 | D:1      | Reached XP level 1. HP: 18/18 MP: 2/2
   254 | D:1      | Reached XP level 2. HP: 24/24 MP: 4/4
   257 | D:1      | Learned a level 2 spell: Scorch
   791 | D:2      | Reached XP level 3. HP: 25/29 MP: 1/6
   903 | D:2      | Reached skill level 3 in Polearms
   991 | D:2      | Reached skill level 1 in Dodging
  1200 | D:2      | Found Xajim's Assorted Antiques.
  1217 | D:2      | Bought a scroll labelled LIMORO WUEXTUA for 24 gold pieces
  1217 | D:2      | Bought a scroll labelled MUGEFA ROINK for 24 gold pieces
  1217 | D:2      | Bought a scroll labelled REKO SEBLEFRIA for 24 gold pieces
  1402 | D:3      | Reached XP level 4. HP: 35/35 MP: 7/7
  1473 | D:3      | Noticed Jessica
  1485 | D:3      | Killed Jessica
  1671 | D:3      | You fall into a shaft and drop 3 floors!
  1700 | D:6      | Noticed an ice beast
  1701 | D:6      | Noticed an orc warrior
  1725 | D:6      | HP: 1/35 [iguana (4)]
  1726 | D:6      | Reached XP level 5. HP: 1/41 MP: 1/8
  1726 | D:6      | Killed an ice beast
  1727 | D:6      | Reached skill level 1 in Armour
  1810 | D:6      | Reached skill level 4 in Polearms
  1810 | D:6      | Reached XP level 6. HP: 18/47 MP: 10/10
  1814 | D:6      | Killed from afar by an orc priest

Illustrated notes

Levels and vault maps discovered:
D:1:      heliophobic_arrival_enchanted_forest, layout_basic
D:2:      layout_rooms, serial_shops, nicolae_shop_getting_attention,
          minmay_fountain_box
D:3:      layout_basic, xom_teletrap_fun, uniq_jessica
D:6:      layout_cave_pools, minmay_temple_entry_grid

Skill      XL: |  1  2  3  4  5 |
---------------+----------------+-----
Spellcasting   | 2 3 |  3.1
Polearms       | 3 4 |  4.0
Dodging        | 1 |  1.0
Armour         | 1 |  1.4
Fire Magic     | 3 |  3.1
Fighting       | |  3.2

Action                     |  1- 3 |  4- 6 || total
---------------------------+-------+-------++-------
  Melee: Spear             |   118 |    47 ||   165
         Punch             |     1 |       ||     1
   Cast: Scorch            |     2 |     9 ||    11
 Invoke: Foxfire Swarm     |     1 |     1 ||     2
         Fiery Armour      |       |     1 ||     1
    Use: Scroll            |     4 |     1 ||     5
 Armour: Robe              |    25 |       ||    25
         Ring mail         |     3 |    45 ||    48
  Dodge: Dodged            |    55 |    30 ||    85
